 Dungeon Crawl Stone Soup version 0.30-a0-718-geaa24f58ff (webtiles) character file.

Game seed: 9406798891716207779

209516 Ijustatesigmund the Eclecticist (level 18, -24/135 HPs)
             Began as a Deep Elf Ice Elementalist on Jan 23, 2023.
             Was the Champion of Cheibriados.
             Annihilated by a white very ugly thing (36 damage)
             ... on level 1 of the Depths on Jan 25, 2023.
             The game lasted 02:15:34 (37968 turns).

Ijustatesigmund the Eclecticist (DEIE)             Turns: 37968, Time: 02:15:35

Health: -24/135    AC: 36    Str: 22    XL:     18   Next: 16%
Magic:  32/41      EV: 23    Int: 45    God:    Cheibriados [******]
Gold:   2918       SH:  0    Dex: 30    Spells: 8/52 levels left

rFire   + . .      SeeInvis .    W - +8 storm bow {elec, penet}
rCold   . . .      Faith    .    (shield currently unavailable)
rNeg    + . .      Spirit   .    (body armour currently unavailable)
rPois   ∞          Reflect  .    V - +2 hat {Int+3}
rElec   +          Harm     .    u - +2 cloak {rF+}
rCorr   +          Rampage  .    (gloves currently unavailable)
Will    +....                    (boots currently unavailable)
Stlth   ++++                     n - amulet of regeneration
HPRegen 1.22/turn                i - ring of wizardry
MPRegen 0.27/turn                M - ring of resist corrosion

@: statue-form, very slightly contaminated, very slow
A: slow and powerful, torment resistance 1, boosted hp, (iridescent scales 1)
}: 1/15 runes: decaying
a: End Transformation, Renounce Religion, Bend Time, Temporal Distortion,
Slouch, Step From Time


You were on level 1 of the Depths.
You worshipped Cheibriados.
Cheibriados was exalted by your worship.
You were a living statue of rough stone.
You visited 8 branches of the dungeon, and saw 30 of its levels.
You also visited: Bailey and Volcano.

You collected 4341 gold pieces.
You spent 1423 gold pieces at shops.

Inventory:

Hand Weapons
 F - a +7 longbow of flaming
 W - the +8 storm bow (weapon) {elec, penet}
   (You acquired it on level 1 of the Swamp)
Armour
 j - the +6 ring mail of Larux (melded) {Regen+ Int+3}
   (You found it on level 4 of the Dungeon)

   Int:       It affects your intelligence (+3).
   Regen:     It increases your rate of health regeneration.
 t - a +2 pair of gloves (melded)
 u - a +2 cloak of fire resistance (worn)
 G - a +0 buckler
 N - the +2 pair of boots of the Sun (melded) {Dex+3}
   (You found it on level 1 of the Lair of Beasts)

   Dex:       It affects your dexterity (+3).
 V - a +2 hat of intelligence (worn)
Magical Staves
 q - a staff of fire
 B - a staff of cold
Jewellery
 c - a ring of flight
 e - an amulet of reflection
 h - a ring of see invisible
 i - a ring of wizardry (left fist)
 n - an amulet of regeneration (around neck)
 p - a ring of willpower
 v - a ring of fire
 M - a ring of resist corrosion (right fist)
Wands
 g - a wand of mindburst (31)
 y - a wand of flame (68)
 E - a wand of paralysis (26)
 O - a wand of digging (13)
 P - a wand of acid (18)
 Z - a wand of iceblast (8)
Scrolls
 a - a scroll of brand weapon
 f - a scroll of fear
 l - 3 scrolls of fog
 o - 2 scrolls of vulnerability
 w - 7 scrolls of enchant armour
 H - 2 scrolls of amnesia
 I - a scroll of silence
 J - a scroll of poison
 Q - 5 scrolls of teleportation
 R - 9 scrolls of identify
 U - a scroll of torment
Potions
 b - 3 potions of magic
 d - 4 potions of curing
 k - 4 potions of attraction
 m - 3 potions of mutation
 s - 7 potions of brilliance
 x - 2 potions of might
 z - a potion of berserk rage
 C - 2 potions of invisibility
 K - a potion of resistance
 L - a potion of ambrosia
Miscellaneous
 S - a phantom mirror


   Skills:
 + Level 8.8 Fighting
 - Level 3.0 Short Blades
 - Level 12.2 Ranged Weapons
 + Level 5.4 Armour
 + Level 10.2 Dodging
 - Level 6.3 Stealth
 + Level 17.8 Spellcasting
 - Level 10.9 Conjurations
 - Level 6.2 Summonings
 + Level 5.9 Necromancy
 - Level 8.6 Transmutations
 + Level 10.3 Ice Magic
 - Level 8.8 Air Magic
 - Level 9.2 Earth Magic
 - Level 15.1 Invocations
 - Level 6.3 Evocations


You had 8 spell levels left.
You knew the following spells:

 Your Spells              Type           Power      Damage    Failure   Level
a - Freeze                Ice            100%       1d10      0%          1
b - Frozen Ramparts       Ice            100%       1d16      1%          3
c - Ozocubu's Armour      Ice            93%        N/A       1%          3
d - Summon Ice Beast      Ice/Summ       85%        N/A       1%          4
e - Stone Arrow           Conj/Erth      100%       3d13      1%          3
f - Irradiate             Conj/Tmut      45%        3d26      1%          5
g - Iron Shot             Conj/Erth      46%        9d9       1%          6
h - Statue Form           Tmut/Erth      58%        N/A       1%          6
i - Freezing Cloud        Conj/Ice/Air   46%        6-21      1%          5
j - Portal Projectile     Hex/Tloc       80%        N/A       1%          3
k - Apportation           Tloc           80%        N/A       1%          1
l - Dispel Undead         Necr           76%        3d25      1%          4

Your spell library contained the following spells:

 Spells                   Type           Power      Damage    Failure   Level
 Beastly Appendage        Tmut           100%       N/A       0%          1
 Magic Dart               Conj           100%       1d8       0%          1
 Foxfire                  Conj/Fire      100%       2x1d9     1%          1
 Call Imp                 Summ           77%        N/A       1%          2
 Cigotuvi's Dreadful Rot  Necr/Pois/Air  100%       N/A       1%          2
 Lesser Beckoning         Tloc           80%        N/A       1%          2
 Sublimation of Blood     Necr           76%        N/A       1%          2
 Wereblood                Tmut           87%        N/A       1%          2
 Gell's Gravitas          Tloc           40%        N/A       1%          3
 Ignite Poison            Fire/Tmut/Pois 60%        N/A       1%          3
 Kindle Blastsparks       Fire/Tloc/Air  100%       2d18      1%          3
 Mephitic Cloud           Conj/Pois/Air  79%        N/A       1%          3
 Spider Form              Tmut/Pois      68%        N/A       1%          3
 Teleport Other           Tloc           40%        N/A       1%          3
 Tukima's Dance           Hex            40%        N/A       1%          3
 Vhi's Electric Charge    Tloc/Air       100%       N/A       1%          3
 Animate Armour           Summ/Erth      100%       N/A       1%          4
 Ice Form                 Ice/Tmut       90%        N/A       1%          4
 Petrify                  Tmut/Erth      88%        N/A       1%          4
 Alistair's Intoxication  Tmut/Pois      45%        N/A       1%          5
 Blade Hands              Tmut           43%        N/A       1%          5
 Fireball                 Conj/Fire      37%        3d15      1%          5
 Metabolic Englaciation   Hex/Ice        36%        N/A       1%          5
 Simulacrum               Ice/Necr       42%        N/A       1%          6
 Death Channel            Necr           38%        N/A       3%          6
 Starburst                Conj/Fire      37%        6d11      3%          6
 Lehudib's Crystal Spear  Conj/Erth      46%        10d11     24%         8
 Ignition                 Fire           20%        3d7       100%        8
 Fire Storm               Conj/Fire      37%        8d9       100%        9


Dungeon Overview and Level Annotations

Branches:
Dungeon (15/15)            Temple (1/1) D:6            Lair (5/5) D:11
  Swamp (4/4) Lair:2       Spider (1/4) Lair:2        Slime (0/5) Lair:5
    Orc (2/2) D:11            Elf (0/3) Orc:2        Vaults (1/5) D:14
 Depths (1/4) D:15         Bailey (visited)         Volcano (visited)

Altars:
Ashenzari
Cheibriados
Dithmenos
Elyvilon
Fedhas
Gozag
Hepliaklqana
Kikubaaqudgha
Makhleb
Nemelex Xobeh
Okawaru
Qazlal
Ru
Sif Muna
Trog
Uskayaw
Vehumet
Wu Jian
Xom
Yredelemnul
Zin
The Shining One
Jiyva

Shops:
D:5 [   D:12 :   Orc:2 !(([*   Vaults:1 (

Portals:
Hell: Lair:5
Ziggurat: Depths:1
Trove: D:11 (show abyssal rune of Zot)


Innate Abilities, Weirdness & Mutations

You are a living statue of rough stone.
Your actions are slow, but your melee attacks are powerful.
You are resistant to unholy torment.
Your maximum health is greatly increased.
You are immune to poison.
Your equipment is partially melded.
((You are partially covered in iridescent scales. (AC +2)))


Message History

The brown very ugly thing tentacle-slaps you!
You are splashed with acid.
You resist.
The brown very ugly thing attacks as you move away!
The brown very ugly thing closely misses you.
The brown very ugly thing misses you.
Things that are here:
a +4 broad axe; a +0 plate armour
Casting: Irradiate (safe; 1% risk of failure)
Confirm with . or Enter, or press ? or * to list all spells.
You erupt in a fountain of uncontrolled magic!
The brown very ugly thing is blasted with magical radiation!!
The brown very ugly thing is moderately wounded.
The brown very ugly thing basks in the mutagenic energy and changes!
You are very lightly contaminated with residual magic.
The brown very ugly thing gurgles horribly!
A brown very ugly thing comes into view.
A brown ugly thing comes into view.
The white very ugly thing punches you but does no damage.
The brown very ugly thing basks in the mutagenic energy from its kin and changes!
The white very ugly thing punches you but does no damage.
The white very ugly thing attacks as you move away!
The white very ugly thing misses you. The white very ugly thing punches you!
The white very ugly thing freezes you!!!
Casting: Irradiate (safe; 1% risk of failure)
Confirm with . or Enter, or press ? or * to list all spells.
You turn into a living statue of rough stone.
Your +2 pair of gloves melds into your body.
The +2 pair of boots of the Sun {Dex+3} melds into your body.
The +6 ring mail of Larux {Regen+ Int+3} melds into your body.
The white very ugly thing punches you.
The white very ugly thing freezes you!!!
* * * LOW HITPOINT WARNING * * *
Aiming: Paralyse
Press: ? - help, Shift-Dir - straight line, f/p - white very ugly thing
Aim: a white very ugly thing (moderately wounded, chance to affect: 47%)
The white very ugly thing resists with some effort.
The white very ugly thing punches you!
* * * LOW HITPOINT WARNING * * *
The white very ugly thing freezes you!!!
You die...

...... #..##.#.........
..... #..##...u.......
..... #..##...........
#..###..##.u.........
#......[.uu..∩.......
#........uu..........
#...)................
....##u######...........
... #.8# #####.......
##'## #....... ##≈.≈##
#......^ ##≈≈.≈≈##
#....... #≈≈...≈≈#
#....... #.......#
#...[... #≈≈...≈≈#
##≈≈.≈≈## ##≈.≈##


You could see a white very ugly thing.

Vanquished Creatures
  the Lernaean hydra (Swamp:4)
  Bai Suzhen (Swamp:4)
  Mlioglotl (Swamp:4)
  2 thorn hunters
  2 shadow dragons
  5 fenstrider witches
  2 vault wardens (Vaults:1)
  2 orc warlords
  A very ugly thing (Vaults:1)
  A war gargoyle (Vaults:1)
  A vampire knight (Depths:1)
  2 ironbound thunderhulks (Vaults:1)
  9 ironbound preservers (Vaults:1)
  Nessos (D:12)
  4 eleionomae
  4 bunyips
  10 dire elephants (Vaults:1)
  A crystal guardian (Vaults:1)
  A fire dragon (D:10)
  An entropy weaver (Vaults:1)
  A yaktaur captain (Vaults:1)
  Fannar (D:12)
  A peacekeeper (Vaults:1)
  17 hydras
  A jorogumo (Spider:1)
  3 ice dragons
  2 vault guards (Vaults:1)
  A spriggan air mage (Depths:1)
  5 boulder beetles
  3 ironbound frosthearts (Vaults:1)
  3 catoblepae
  4 alligators
  3 tengu warriors
  9 centaur warriors
  2 two-headed ogres
  5 death yaks (Lair:2)
  2 orc high priests
  Urug (D:12)
  4 goliath frogs (Swamp:1)
  A sixfirhy (Lair:5)
  11 skeletal warriors
  13 swamp dragons
  An orb spider (Spider:1)
  24 deep trolls
  A spriggan druid (Swamp:3)
  A lindwurm (Vaults:1)
  5 ironbound convokers (Vaults:1)
  4 wizards
  4 bog bodies
  A necromancer (D:14)
  4 deep elf pyromancers
  4 orc sorcerers
  A deep elf zephyrmancer (Orc:1)
  4 harpies (Vaults:1)
  6 orc knights
  A wolf spider (Spider:1)
  A salamander (Volcano)
  5 cyclopes
  A will-o-the-wisp (Swamp:2)
  12 ugly things
  A manticore (D:14)
  10 elephants
  A black mamba (shapeshifter) (D:14)
  9 black mambas
  4 vault sentinels (Vaults:1)
  4 orange demons (Lair:5)
  4 molten gargoyles (Volcano)
  An unseen horror (D:12)
  2 gargoyles (Volcano)
  20 cane toads
  2 torpor snails
  6 komodo dragons
  4 rime drakes
  4 yaktaurs
  2 tengu conjurers
  A freezing wraith (D:9)
  2 bloated husks
  8 polar bears
  7 trolls
  A red devil (Lair:5)
  10 tyrant leeches
  4 tarantellas
  A hellwing (Lair:5)
  A polar bear (shapeshifter) (D:14)
  14 hornets
  15 dream sheep
  21 slime creatures
  2 jumping spiders (Lair:2)
  6 blink frogs
  2 wraiths
  14 spriggans
  2 shadows
  A culicivora (Spider:1)
  2 water elementals
  3 basilisks
  A fire bat (shapeshifter) (D:14)
  55 yaks
  2 wyverns
  A steam dragon (D:6)
  4 vampire mosquitoes (Swamp:3)
  4 wargs
  3 acid dragons
  16 swamp worms
  4 hell hounds (Lair:5)
  17 water moccasins
  A swamp worm (shapeshifter) (D:15)
  5 swamp drakes
  49 orc warriors
  A black bear (Lair:3)
  An ice beast (D:6)
  3 ogres
  4 wolves (Lair:3)
  6 centaurs
  Blork the orc (D:6)
  5 kobold brigands
  A necrophage (D:5)
  3 scorpions
  10 bullfrogs
  12 wights
  17 killer bees
  A howler monkey (D:10)
  A crimson imp (Orc:1)
  11 hounds
  20 orc priests
  3 jellies
  A gnoll bouda (D:9)
  An iron imp (Orc:1)
  6 iguanas
  26 orc wizards
  7 hell rats (Lair:4)
  A boggart simulacrum (D:14)
  8 gnolls
  4 adders
  A shadow imp (Orc:1)
  4 white imps
  3 ufetubi
  2 worms
  4 dart slugs
  114 orcs
  6 ball pythons
  8 endoplasms
  2 giant cockroaches
  4 goblins
  6 hobgoblins
  3 quokkas
  4 bats
  2 frilled lizards (D:1)
  32 kobolds
  6 rats
933 creatures vanquished.

Vanquished Creatures (collateral kills)
  A bunyip (Swamp:1)
  A hydra (Lair:5)
  A boulder beetle (Lair:4)
  A two-headed ogre (D:12)
  An orc high priest (Orc:2)
  Nergalle (Lair:3)
  A bog body (Swamp:1)
  An orc sorcerer (Orc:2)
  A cyclops (Volcano)
  A cane toad (Lair:3)
  A komodo dragon (Lair:5)
  A bloated husk (Swamp:1)
  A hornet (D:9)
  A dream sheep (Lair:5)
  9 slime creatures
  A wraith (D:12)
  A wyvern (Lair:1)
  2 yaks (D:11)
  A basilisk (Lair:1)
  A swamp worm (Swamp:1)
  3 water moccasins
  3 orc warriors (Bailey)
  A wolf (D:11)
  A kobold brigand (D:8)
  3 bullfrogs
  A necrophage (D:4)
  A wight (D:9)
  An electric eel (D:11)
  2 orc priests
  An iguana (D:4)
  An orc wizard (D:9)
  A gnoll (D:4)
  An adder (D:4)
  A dart slug (D:4)
  7 orcs (Bailey)
  An endoplasm (D:4)
  A goblin (D:4)
  2 kobolds (D:8)
61 creatures vanquished.

Vanquished Creatures (others)
  An eleionoma (Swamp:1)
  A hydra (Swamp:1)
  A torpor snail (Spider:1)
  A molten gargoyle (Volcano)
  2 bloated husks
  An orc wizard (Orc:1)
  38 fungi
  27 plants
72 creatures vanquished.

Grand Total: 1066 creatures vanquished

Notes
Turn   | Place    | Note
-------+----------+-------------------------------------------
     0 | D:1      | Ijustatesigmund the Deep Elf Ice Elementalist began the
                  | quest for the Orb.
     0 | D:1      | Reached XP level 1. HP: 10/10 MP: 6/6
   226 | D:1      | Reached XP level 2. HP: 15/15 MP: 6/8
   764 | D:1      | Reached skill level 4 in Spellcasting
   766 | D:1      | Reached skill level 5 in Ice Magic
  1051 | D:2      | Reached XP level 3. HP: 19/19 MP: 8/10
  1082 | D:2      | Learned a level 3 spell: Frozen Ramparts
  1086 | D:2      | Learned a level 3 spell: Ozocubu's Armour
  1350 | D:2      | Found a faded altar of an unknown god.
  1847 | D:3      | Reached XP level 4. HP: 24/24 MP: 2/12
  1864 | D:3      | Reached skill level 5 in Spellcasting
  2256 | D:3      | Learned a level 4 spell: Summon Ice Beast
  2273 | D:3      | Reached XP level 5. HP: 18/28 MP: 9/14
  2429 | D:3      | Reached skill level 1 in Summonings
  3249 | D:4      | Reached skill level 1 in Fighting
  3249 | D:4      | Reached XP level 6. HP: 30/34 MP: 7/16
  3553 | D:4      | Reached skill level 6 in Spellcasting
  4402 | D:4      | Identified the +6 ring mail of Larux {Regen+ Int+3}
  4462 | D:5      | Entered Level 5 of the Dungeon
  4570 | D:5      | Noticed a water moccasin
  4571 | D:5      | Reached XP level 7. HP: 33/39 MP: 6/18
  4660 | D:5      | Reached skill level 1 in Armour
  4988 | D:5      | Found Urakh's Armour Shop.
  5057 | D:5      | Bought a +0 cloak of stealth for 138 gold pieces
  5564 | D:6      | Reached skill level 5 in Summonings
  5564 | D:6      | Reached XP level 8. HP: 42/44 MP: 12/19
  5722 | D:6      | Reached skill level 1 in Short Blades
  5985 | D:6      | Found a staircase to the Ecumenical Temple.
  6052 | Temple   | Entered the Ecumenical Temple
  7143 | D:6      | Noticed Blork the orc
  7153 | D:6      | Killed Blork the orc
  7624 | D:6      | Reached skill level 7 in Spellcasting
  7816 | D:7      | Found an ornate altar of the Wu Jian Council.
  8067 | D:7      | Reached skill level 1 in Ranged Weapons
  8357 | D:7      | Found a burning altar of Makhleb.
  8952 | D:8      | Reached XP level 9. HP: 50/50 MP: 17/22
  9053 | Temple   | Became a worshipper of Cheibriados the Contemplative
  9278 | D:8      | Reached skill level 1 in Invocations
  9349 | D:8      | Reached skill level 8 in Spellcasting
  9631 | D:8      | Learned a level 3 spell: Stone Arrow
  9772 | D:8      | Reached skill level 1 in Conjurations
  9772 | D:8      | Reached skill level 1 in Earth Magic
  9780 | D:8      | Reached * piety under Cheibriados
  9923 | D:8      | Noticed a meliai
  9930 | D:8      | Noticed a troll
  9930 | D:8      | Noticed a boulder beetle
  9930 | D:8      | Noticed a skeletal warrior
  9930 | D:8      | Noticed a centaur warrior
  9931 | D:8      | Noticed a centaur warrior
  9931 | D:8      | Noticed a manticore
  9931 | D:8      | Noticed a boulder beetle
  9940 | D:8      | Noticed a cyclops
  9941 | D:8      | Noticed a purple ugly thing
 10119 | D:9      | Reached skill level 9 in Spellcasting
 10119 | D:9      | Reached XP level 10. HP: 35/56 MP: 4/25
 10120 | D:9      | Reached skill level 5 in Dodging
 10391 | D:9      | Reached ** piety under Cheibriados
 10432 | D:9      | Reached skill level 5 in Invocations
 10497 | D:9      | Found a flagged portal.
 10505 | Bailey   | Entered a bailey
 10669 | Bailey   | Learned a level 5 spell: Irradiate
 10776 | Bailey   | Noticed an orc knight
 10777 | Bailey   | Noticed an orc knight
 10789 | Bailey   | Noticed an orc knight
 10805 | Bailey   | Reached skill level 1 in Transmutations
 10970 | D:9      | Acquired 1268 gold pieces
 11103 | D:9      | Reached skill level 10 in Spellcasting
 11104 | D:9      | Reached *** piety under Cheibriados
 11960 | D:10     | Entered Level 10 of the Dungeon
 12352 | D:10     | Noticed a fire dragon
 12364 | D:10     | Killed a fire dragon
 12365 | D:10     | Reached XP level 11. HP: 32/61 MP: 10/27
 12795 | D:10     | Reached skill level 5 in Conjurations
 13152 | D:10     | Reached **** piety under Cheibriados
 13388 | D:11     | Found a staircase to the Orcish Mines.
 13419 | D:11     | Found a portal to a secret trove of treasure.
 13532 | D:11     | Reached ***** piety under Cheibriados
 13572 | D:11     | Reached skill level 5 in Stealth
 13647 | D:11     | Reached skill level 11 in Spellcasting
 13690 | D:11     | Found a staircase to the Lair.
 14220 | D:12     | Noticed a two-headed ogre
 14229 | D:12     | Killed a two-headed ogre
 14299 | D:12     | Noticed a sea snake
 14304 | D:12     | Noticed a sea snake
 14333 | D:12     | Identified the +6 flail "Dragonslayer" {heavy, rF+ Str-4
                  | Int+2 Dex+2}
 14396 | D:12     | Noticed a red ugly thing
 14410 | D:12     | Killed a red ugly thing
 14411 | D:12     | Reached skill level 5 in Transmutations
 14469 | D:12     | Noticed Fannar
 14583 | D:12     | Killed Fannar
 14927 | D:12     | Reached XP level 12. HP: 66/66 MP: 15/29
 15052 | D:12     | Reached skill level 12 in Spellcasting
 15105 | D:12     | Found Eczuh's Book Shoppe.
 15112 | D:12     | Bought a book of Iron for 540 gold pieces
 15119 | D:12     | Learned a level 6 spell: Iron Shot
 15160 | D:12     | Noticed Nessos
 15178 | D:12     | Killed Nessos
 15445 | D:12     | Noticed Urug
 15456 | D:12     | Killed Urug
 15743 | D:12     | Noticed a two-headed ogre
 15747 | D:12     | Killed a two-headed ogre
 15748 | D:12     | Reached skill level 5 in Earth Magic
 15799 | D:13     | Noticed a tengu warrior
 15799 | D:13     | Noticed a tengu warrior
 15814 | D:12     | Killed a tengu warrior
 15957 | D:12     | Killed a tengu warrior
 16952 | D:13     | Reached skill level 13 in Spellcasting
 17040 | D:13     | Noticed a centaur warrior
 17054 | D:13     | Killed a centaur warrior
 17055 | D:13     | Reached skill level 5 in Ranged Weapons
 17212 | D:13     | Identified the +0 robe "Jome" {+Blink rPois rN++ rCorr
                  | Stlth-}
 17571 | D:13     | Noticed a catoblepas
 17576 | D:13     | Killed a catoblepas
 17746 | D:13     | Reached ****** piety under Cheibriados
 18214 | D:14     | Reached XP level 13. HP: 26/70 MP: 15/32
 18932 | Lair:1   | Entered Level 1 of the Lair of Beasts
 19086 | Lair:1   | You fall into a shaft and drop 1 floor!
 19086 | Lair:2   | Found a hole to the Spider Nest.
 19101 | Lair:2   | Reached skill level 10 in Invocations
 19175 | Lair:2   | Found a staircase to the Swamp.
 19234 | Lair:2   | Found a dark tunnel.
 19243 | Volcano  | Entered a volcano
 19354 | Volcano  | Reached skill level 14 in Spellcasting
 19480 | Volcano  | Noticed an orb of fire
 19755 | Volcano  | Noticed an orb of fire
 20038 | Lair:2   | Reached skill level 10 in Conjurations
 20159 | Lair:1   | Found a transporter.
 20304 | Lair:1   | Found a transporter.
 20451 | Lair:1   | Identified the +2 pair of boots of the Sun {Dex+3}
 20507 | Lair:1   | Reached XP level 14. HP: 76/76 MP: 34/34
 21469 | Lair:3   | Noticed Nergalle
 21484 | Lair:3   | Killed Nergalle
 21808 | Lair:3   | Reached skill level 15 in Spellcasting
 22304 | Lair:4   | Learned a level 6 spell: Statue Form
 22843 | Lair:4   | Identified the +2 war axe of the Vestibule of Hell {spect,
                  | rC+ Int+4 Dex+4}
 23210 | Lair:5   | Entered Level 5 of the Lair of Beasts
 23217 | Lair:5   | Reached skill level 1 in Evocations
 23308 | Lair:5   | Reached skill level 5 in Fighting
 23354 | Lair:5   | Found a hide-covered altar of Uskayaw.
 23436 | Lair:5   | Found an ornate altar of the Wu Jian Council.
 23460 | Lair:5   | Identified the +5 arbalest "Ijooju Gikle" {penet, Fragile
                  | Dex+3}
 23706 | Lair:5   | Reached skill level 5 in Evocations
 23710 | Lair:5   | Found a burning altar of Makhleb.
 23793 | Lair:5   | Found a gateway to Hell.
 23895 | Lair:5   | Reached XP level 15. HP: 84/84 MP: 34/36
 24249 | Lair:5   | Found a viscous altar of Jiyva.
 24249 | Lair:5   | Found a staircase to the Slime Pits.
 24607 | Orc:1    | Entered Level 1 of the Orcish Mines
 25027 | Orc:1    | Identified the +0 hat "Raopor" {Rampage rC+}
 25036 | Orc:1    | Acquired Heluebly's Almanac of Sweltering Ceraunoscopy
 25046 | Orc:1    | Learned a level 5 spell: Freezing Cloud
 25312 | Orc:1    | Reached skill level 1 in Air Magic
 25625 | Orc:1    | Gained mutation: You are partially covered in iridescent
                  | scales. (AC +2) [a neqoxec]
 26012 | Orc:2    | Entered Level 2 of the Orcish Mines
 26036 | Orc:2    | Found a staircase to the Elven Halls.
 26489 | Orc:2    | Found Tiruguny's Weapon Boutique.
 26536 | Orc:2    | Learned a level 3 spell: Portal Projectile
 27661 | Orc:2    | Found Hine's Distillery.
 27666 | Orc:2    | Bought a potion of magic for 128 gold pieces
 27666 | Orc:2    | Bought a potion of heal wounds for 80 gold pieces
 27666 | Orc:2    | Bought a potion of heal wounds for 80 gold pieces
 27666 | Orc:2    | Bought a potion of cancellation for 128 gold pieces
 28157 | Orc:2    | Found Lototish's Antique Armour Shop.
 28159 | Orc:2    | Found Uhipeux's Antique Weapon Boutique.
 28172 | Orc:2    | Bought a pitted sling for 221 gold pieces
 28172 | Orc:2    | Identified the +0 sling of Sharp Defiance {flame, rN++
                  | Will+} (You bought it in a shop on level 2 of the Orcish
                  | Mines)
 28265 | Orc:2    | Found Fucluy's General Store.
 28273 | Orc:2    | Bought a scroll of teleportation for 54 gold pieces
 28273 | Orc:2    | Bought a scroll of teleportation for 54 gold pieces
 28696 | D:14     | Found a gate to the Vaults.
 28740 | D:15     | Entered Level 15 of the Dungeon
 28746 | D:14     | Reached skill level 5 in Air Magic
 28993 | D:15     | Identified the +7 spear "Oxtumupu" {pain, rC++}
 29429 | D:15     | Found a staircase to the Depths.
 29965 | D:15     | HP: 2/84 [white ugly thing (26)]
 30308 | Swamp:1  | Entered Level 1 of the Swamp
 30441 | Swamp:1  | Reached XP level 16. HP: 68/90 MP: 33/37
 30455 | Swamp:1  | Acquired the +8 storm bow {elec, penet}
 30455 | Swamp:1  | Found the +8 storm bow {elec, penet}
 30798 | Swamp:1  | Identified the +2 war axe "Viggasur" {speed, rPois rF+}
 30981 | Swamp:2  | Found a sparkling altar of Nemelex Xobeh.
 31398 | Swamp:2  | Noticed a thorn hunter
 31411 | Swamp:2  | Killed a thorn hunter
 31685 | Swamp:3  | Reached skill level 10 in Ranged Weapons
 32107 | Swamp:3  | Reached skill level 15 in Invocations
 32294 | Swamp:3  | Learned a level 1 spell: Apportation
 32521 | Swamp:4  | Entered Level 4 of the Swamp
 32675 | Swamp:4  | Noticed Mlioglotl
 32685 | Swamp:4  | Killed Mlioglotl
 32686 | Swamp:4  | Reached skill level 16 in Spellcasting
 32775 | Swamp:4  | Noticed Bai Suzhen
 32798 | Swamp:4  | Killed Bai Suzhen
 32923 | Swamp:4  | Noticed a thorn hunter
 32930 | Swamp:4  | Killed a thorn hunter
 33358 | Swamp:4  | Found the amulet of the Air {Inacc Air Fly rElec RMsl}
 34067 | Swamp:4  | Noticed the 27-headed Lernaean hydra
 34345 | Swamp:4  | Reached XP level 17. HP: 96/96 MP: 28/39
 34348 | Swamp:4  | Killed the 27-headed Lernaean hydra
 34601 | Swamp:4  | Got a decaying rune of Zot
 34750 | Lair:2   | Upgraded the game from 0.30-a0-715-gdb4ae3ece1 to
                  | 0.30-a0-718-geaa24f58ff
 34790 | Spider:1 | Entered Level 1 of the Spider Nest
 35281 | Vaults:1 | Entered Level 1 of the Vaults
 35281 | Vaults:1 | Found Acodd's Weapon Boutique.
 35358 | Vaults:1 | Learned a level 4 spell: Dispel Undead
 35389 | Vaults:1 | Reached skill level 1 in Necromancy
 35618 | Vaults:1 | Reached skill level 17 in Spellcasting
 36290 | Vaults:1 | Reached skill level 5 in Armour
 36290 | Vaults:1 | Reached skill level 5 in Necromancy
 36699 | Vaults:1 | Reached skill level 10 in Ice Magic
 36897 | Vaults:1 | Reached XP level 18. HP: 104/104 MP: 33/41
 36973 | Vaults:1 | Found the +18 shield of the Gong {Loud rElec rN+ Will+
                  | EV-5}
 37115 | Vaults:1 | Reached skill level 10 in Dodging
 37833 | Depths:1 | Entered Level 1 of the Depths
 37909 | Depths:1 | Found a one-way gateway to a ziggurat.
 37968 | Depths:1 | Annihilated by a white very ugly thing

Illustrated notes

Levels and vault maps discovered:
D:1:      lightli_iron_boxes, layout_loops_ring
D:2:      layout_basic, ebering_ecumenical_altar_abandoned,
          kennysheep_generic_room_13
D:3:      layout_basic
D:4:      layout_rooms
D:5:      layout_rooms, serial_shops, shop, roderic_malta_cross
D:6:      layout_loops_ring, minmay_temple_entry_sparse_star, uniq_blork_the_orc
D:7:      layout_basic, mainiacjoe_overflow_big_doors
D:8:      layout_basic, hangedman_decor_growths, minivault_12
D:9:      layout_basic, enter_bailey_1, dreamdust_mushroom_princess,
          kennysheep_just_a_vault
D:10:     layout_loops_ring, chequers_jeans, grunt_decor_fettered
D:11:     layout_gridville, erik_lair_island, david_orc_3, enter_trove_0
D:12:     layout_roguey, serial_shops, shop, serial_aquarium,
          aquarium_bridge_long_joined [aquarium_subvault_bridge,
          aquarium_subvault_wall, aquarium_subvault_bridge,
          aquarium_subvault_bridge, aquarium_subvault_wall,
          aquarium_subvault_wall], aquarium_window_fake, aquarium_window_2,
          aquarium_window_1, aquarium_view_2b, aquarium_pool_corner,
          uniq_fannar, uniq_nessos, uniq_urug
D:13:     layout_grid_maze, minmay_liquid_box
D:14:     layout_rooms, david_vaults_4, hangedman_decor_push,
          minmay_misc_feat_square
D:15:     grunt_enter_depths_hoard, layout_loops_ring, glass_columns_b
Temple:   mainiacjoe_temple_big_plus
Lair:1:   gammafunk_cloud_chamber, layout_gridlike, lemuel_fruit_tree,
          grunt_megastairs_1, lemuel_fruit_fields, lemuel_fruit_fields
Lair:2:   layout_loops_ring, minmay_swamp_entry_reptiles, spider_nest_entry_a,
          nicolae_volcano_entry_hallway, gauntlet_entry_generic
Lair:3:   layout_loops_ring, serial_bayou_crossing, uniq_nergalle
Lair:4:   layout_roguey, cheibrodos_lair_lostbears
Lair:5:   evil_forest, layout_misc_corridors, dpeg_slime_entry_enclosed,
          nzn_masters_of_martial_movement
Swamp:1:  layout_basic_swamp, evilmike_swamp_ruin_house_4, swamp_pool3,
          infiniplex_staircase_pool_2
Swamp:2:  nicolae_swamp_ascending_descending, layout_falls_marsh,
          lemuel_altar_in_water, swamp_pool1, hangedman_swamp_pad
Swamp:3:  layout_basic_swamp, nicolae_swamp_little_tower
Swamp:4:  swamp_old_school, layout_basic_swamp, uniq_bai_suzhen, uniq_mlioglotl
Spider:1: layout_spider_delve
Orc:1:    orc_temple, layout_diamond_mine, hangedman_minor_magic
Orc:2:    grunt_orc_community_town_hall, layout_caves,
          grunt_orc_community_big_house_1, grunt_orc_community_big_house_2,
          grunt_orc_community_house_3, grunt_orc_community_house_1,
          grunt_orc_community_house_2, grunt_orc_community_house_3,
          grunt_orc_community_house_2, grunt_orc_community_house_3,
          serial_shops, nicolae_shop_advertising_works
          [nicolae_subvault_shop_adworks], statue_in_the_mist_lemuel
Vaults:1: nicolae_vaults_little_squares_4, ontoclasm_vaults_pinch,
          vaults_mumra_minichess_inversion, hellmonk_guarded_unrand_gong,
          nicolae_vaults_little_ls, ontoclasm_vaults_ring_small,
          ontoclasm_vaults_claustrophobia, ontoclasm_vaults_gateway,
          vaults_standard_mumra_x, v_pattern_2, v_misc_16,
          hangedman_vaults_locks, vaults_standard_mumra_enter_the_diamond,
          v_misc_26, grunt_vaults_diagonal, nicolae_vaults_little_squares_4,
          layout_vaults_maze_bifur, serial_shops, shop
Depths:1: layout_small_grid, enter_ziggurat_a, hell_entry,
          rand_demon_pan_entry_5, mu_enter_wizlab_6, st_stairs_3,
          chequers_serial_rivers_small_b, fedhas_altar_2,
          kennysheep_cross_landing

Skill      XL: |  1  2  3  4  5  6  7  8  9 10 11 12 13 14 15 16 17 18 |
---------------+-------------------------------------------------------+-----
Spellcasting   | 4 5 6 7 9 10 11 13 14 15 16 17 | 17.8
Ice Magic      | 5 6 7 8 10 | 10.3
Summonings     | 1 2 5 6 |  6.2
Dodging        | 3 4 6 8 9 10 | 10.2
Fighting       | 1 3 4 6 7 8 |  8.8
Armour         | 3 5 |  5.4
Short Blades   | 3 |  3.0
Ranged Weapons | 1 4 6 8 9 11 12 | 12.2
Invocations    | 3 5 7 9 10 11 13 15 | 15.1
Conjurations   | 2 4 7 9 10 | 10.9
Earth Magic    | 2 4 6 8 9 |  9.2
Transmutations | 2 5 7 8 |  8.6
Stealth        | 3 6 |  6.3
Evocations     | 5 6 |  6.3
Air Magic      | 7 8 |  8.8
Necromancy     | 5 |  5.9

Action                     |  1- 3 |  4- 6 |  7- 9 | 10-12 | 13-15 | 16-18 || total
---------------------------+-------+-------+-------+-------+-------+-------++-------
  Melee: Short sword       |    17 |    19 |       |       |       |       ||    36
         Punch             |     1 |       |     2 |     1 |       |       ||     4
         Unarmed           |     1 |       |       |       |       |       ||     1
         Rapier            |       |       |   104 |    86 |       |       ||   190
   Fire: Sling             |       |       |       |   187 |       |       ||   187
         Longbow           |       |       |       |   125 |   994 |   664 ||  1783
   Cast: Freeze            |    42 |    45 |   107 |    81 |       |     4 ||   279
         Frozen Ramparts   |     3 |    19 |    47 |    58 |    58 |    26 ||   211
         Ozocubu's Armour  |     1 |    12 |    21 |    40 |    44 |    19 ||   137
         Summon Ice Beast  |       |     8 |     1 |    30 |    27 |     9 ||    75
         Stone Arrow       |       |       |       |    16 |    46 |     9 ||    71
         Irradiate         |       |       |       |     4 |    40 |    29 ||    73
         Iron Shot         |       |       |       |    11 |       |       ||    11
         Statue Form       |       |       |       |       |     3 |    12 ||    15
         Freezing Cloud    |       |       |       |       |    15 |    20 ||    35
         Apportation       |       |       |       |       |       |     1 ||     1
         Dispel Undead     |       |       |       |       |       |     2 ||     2
 Invoke: Bend Time         |       |       |       |     1 |       |       ||     1
         Slouch            |       |       |       |     1 |     7 |     7 ||    15
         Step From Time    |       |       |       |       |     1 |     1 ||     2
  Evoke: Wand              |       |       |     5 |    23 |     2 |    10 ||    40
         Phantom mirror    |       |       |       |       |       |     1 ||     1
    Use: Scroll            |     2 |     8 |     8 |    12 |    15 |    10 ||    55
         Potion            |       |       |     2 |     7 |     4 |    14 ||    27
   Stab: Sleeping          |     3 |       |     1 |       |       |       ||     4
         Paralysed         |       |       |       |     9 |       |       ||     9
 Armour: Robe              |     8 |    21 |       |       |       |       ||    29
         Ring mail         |       |     1 |   127 |   245 |   348 |   205 ||   926
         Skin              |       |       |       |    15 |    52 |   128 ||   195
  Dodge: Dodged            |    24 |    46 |   137 |   404 |   724 |   654 ||  1989

Table legend: (Time is in decaauts)
 A = Elapsed time spent in this place.
 B = Non-inter-level travel time spent in this place.
 C = Inter-level travel time spent in this place.
 D = Time resting spent in this place.
 E = Time spent auto-exploring this place.
 F = Levels seen in this place.
 G = Mean time per level.
                   A        B        C        D        E       F      G
               +--------+--------+--------+--------+--------+-----+--------+
         Total |  51897 |  48201 |   3696 |  11118 |  29250 |  32 | 1621.8 |
       Dungeon |  24944 |  23173 |   1771 |   5913 |  13731 |  15 | 1662.9 |
        Temple |    467 |    390 |     77 |      0 |    383 |   1 |  467.0 |
          Lair |   8955 |   8051 |    904 |    579 |   6078 |   5 | 1791.0 |
         Swamp |   6702 |   6397 |    305 |   1918 |   3572 |   4 | 1675.5 |
   Spider Nest |     35 |     35 |      0 |      0 |      0 |   1 |   35.0 |
  Orcish Mines |   5509 |   5095 |    414 |   1453 |   2826 |   2 | 2754.5 |
        Vaults |   3756 |   3533 |    223 |    970 |   1893 |   1 | 3756.0 |
        Depths |    219 |    219 |      0 |     17 |     90 |   1 |  219.0 |
        Bailey |    338 |    338 |      0 |    175 |     79 |   1 |  338.0 |
       Volcano |    968 |    968 |      0 |     91 |    596 |   1 |  968.0 |
               +--------+--------+--------+--------+--------+-----+--------+

Top non-repeatable levels by time:
Vaults:1: 3756 daAuts
    D:13: 3224 daAuts
 Swamp:4: 2886 daAuts
   Orc:1: 2783 daAuts
   Orc:2: 2726 daAuts
    D:12: 2571 daAuts
  Lair:5: 2110 daAuts
     D:9: 2057 daAuts
    D:15: 2014 daAuts
     D:6: 1990 daAuts
  Lair:2: 1916 daAuts
    D:10: 1916 daAuts
  Lair:1: 1724 daAuts
    D:11: 1713 daAuts
  Lair:4: 1713 daAuts
